 Dungeon Crawl Stone Soup version 0.31-a0-844-gdc52ec4e09 (webtiles) character file.

Game seed: 14103500421208219749

357 javelincjr the Changeling (level 6, 0/47 HPs)
             Began as a Demonspawn Shapeshifter on Sept 28, 2023.
             Was a Believer of Trog.
             Slain by Edmund
             ... wielding a +4 flail of protection
              (11 damage)
             ... on level 4 of the Dungeon.
             The game lasted 00:08:14 (2884 turns).

javelincjr the Changeling (Demonspawn Shapeshifter) Turns: 2884, Time: 00:08:15

Health: 0/47       AC:  6    Str: 17    XL:     6   Next: 37%
Magic:  6/6        EV: 12    Int: 11    God:    Trog [**....]
Gold:   172        SH:  0    Dex: 12    Spells: 5/5 levels left

rFire   + .          .
                       - Unarmed
rCold   . . .        (no shield)
rNeg    . . .        y - +1 leather armour {rF+}
rPois   .            (helmet currently unavailable)
rElec   .            (cloak currently unavailable)
rCorr   .            (gloves currently unavailable)
SInv    +            (boots currently unavailable)
Will    ++...        (no amulet)
Stlth   +            A - ring of see invisible
HPRegen 1.27/turn    (no ring)
MPRegen 0.10/turn

%: no passive effects
@: beast-form, strong-willed (expiring), on berserk cooldown, regenerating
(expiring)
A: beast (slay +2), molten scales 1, spiny 1, demonic touch 1
a: Begin Untransformation, Renounce Religion, Berserk, Trog's Hand


You were on level 4 of the Dungeon.
You worshipped Trog.
Trog was pleased with you.
You were a hulking beast.
You visited 1 branch of the dungeon, and saw 4 of its levels.

You collected 172 gold pieces.

Inventory:

Hand Weapons
 j - a +3 dagger
 m - a +3 short sword
 E - a +3 hand axe of distortion
Missiles
 g - 3 poisoned darts
 k - 5 javelins
 p - 6 boomerangs
Armour
 a - a +0 animal skin
 o - a +1 hat
 y - a +1 leather armour of fire resistance (worn)
 C - a +0 pair of boots
Jewellery
 A - a ring of see invisible (left hand)
Talismans
 c - a beast talisman (active)
 d - a flux talisman
Wands
 x - a wand of iceblast (10)
Scrolls
 e - a scroll of fog {unknown}
 h - a scroll of revelation {unknown}
 l - 3 scrolls of identify {unknown}
 n - a scroll of enchant armour {unknown}
 t - a scroll of butterflies {unknown}
 v - a scroll of poison {unknown}
 w - a scroll of vulnerability {unknown}
 D - a scroll of fear {unknown}
Potions
 b - a potion of lignification
 f - a potion of berserk rage {unknown}
 i - 2 potions of invisibility {unknown}
 q - a potion of mutation {unknown}
 r - a potion of brilliance {unknown}
 s - a potion of haste {unknown}
 u - 2 potions of experience {unknown}
 z - a potion of curing {unknown}
 B - 2 potions of degeneration {unknown}


   Skills:
 + Level 3.0 Fighting
 + Level 3.3 Dodging
 + Level 3.9 Unarmed Combat
 * Level 4.1 Shapeshifting


You had 5 spell levels left.
You didn't know any spells.
Your spell library contained the following spells:

 Spells                   Type           Power      Damage    Failure   Level
 Apportation              Tloc           0%         N/A       41%         1
 Necrotise                Necr           0%         1d4       41%         1
 Summon Small Mammal      Summ           0%         N/A       41%         1
 Lesser Beckoning         Tloc           0%         N/A       54%         2
 Gell's Gravitas          Tloc           0%         N/A       78%         3
 Teleport Other           Tloc           0%         N/A       78%         3


Dungeon Overview and Level Annotations

Branches:
Dungeon (4/15)
 Temple: D:4-7

Altars:
Trog

Shops:
D:1 =

Annotations:
D:4 Edmund


Innate Abilities, Weirdness & Mutations

You are a hulking beast.
Your limbs bulge with bestial killing power. (Slay +2)
You are partially covered in molten scales. (AC +2)
You are partially covered in sharp spines.
Your touch may inflict minor irresistible damage on your foes.


Message History

Edmund is struck by your spines. Edmund barely misses you.
You barely miss Edmund.
Edmund is lightly wounded.
Edmund is struck by your spines.
Edmund hits you with a +4 flail of protection!
Edmund barely misses you.
You closely miss Edmund.
Edmund is lightly wounded.
Edmund hits you with a +4 flail of protection.
You closely miss Edmund.
You touch Edmund!
Edmund is moderately wounded.
Edmund hits you with a +4 flail of protection. x2
You hit Edmund but do no damage.
Edmund is moderately wounded.
Edmund closely misses you.
You barely miss Edmund.
Edmund is moderately wounded.
Edmund is struck by your spines.
Edmund hits you with a +4 flail of protection!
Edmund barely misses you.
You hit Edmund.
Edmund is heavily wounded.
You feel the effects of Trog's Hand fading.
Edmund barely misses you.
You hit Edmund but do no damage.
Edmund is heavily wounded.
Edmund barely misses you.
You hit Edmund but do no damage.
Edmund is heavily wounded.
You feel yourself speed up.
Edmund hits you with a +4 flail of protection!
* * * LOW HITPOINT WARNING * * *
Edmund hits you with a +4 flail of protection.
* * * LOW HITPOINT WARNING * * *
You hit Edmund but do no damage.
Edmund is heavily wounded.
Edmund is struck by your spines.
Edmund hits you with a +4 flail of protection!
You die...
Edmund whines, "They better pay attention to me now!"

.....#########
........)....#
.###########.##
## #).## #
##..## . ##..##
.. ##..# ...
##.# .... #h#
..... #@#
......#.#
......'.#
......'.#
......###
...... ......
.....


You could see Edmund.

Vanquished Creatures
  Sigmund (D:4)
  An orc priest (D:3)
  Natasha (thrice) (D:2)
  2 adders
  A dart slug (D:1)
  10 orcs
  2 ball pythons
  4 endoplasms
  A giant cockroach (D:4)
  3 goblins
  4 hobgoblins
  6 jackals (D:3)
  8 kobolds
  4 quokkas
  7 bats
  A frilled lizard (D:2)
  7 rats
65 creatures vanquished.

Notes
Turn   | Place    | Note
-------+----------+-------------------------------------------
     0 | D:1      | javelincjr the Demonspawn Shapeshifter began the quest for
                  | the Orb.
     0 | D:1      | Reached XP level 1. HP: 15/15 MP: 1/1
   306 | D:1      | Gained mutation: You are partially covered in sharp spines.
                  | [demonic ancestry]
   306 | D:1      | Reached XP level 2. HP: 3/21 MP: 2/2
   393 | D:1      | Found Zeuc Onu's Jewellery Shoppe.
  1184 | D:2      | Reached XP level 3. HP: 27/27 MP: 3/3
  1185 | D:2      | Noticed Natasha
  1190 | D:2      | Reached skill level 3 in Shapeshifting
  1191 | D:2      | Killed Natasha
  1243 | D:2      | Noticed Natasha
  1257 | D:2      | Killed Natasha
  1258 | D:2      | Reached XP level 4. HP: 7/33 MP: 4/4
  1379 | D:2      | Found a faded altar of an unknown god.
  1394 | D:2      | Noticed Natasha
  1406 | D:2      | Killed Natasha
  1423 | D:2      | Prayed at the altar of an unknown god.
  1423 | D:2      | Became a worshipper of Trog the Wrathful
  1423 | D:2      | Reached * piety under Trog
  1843 | D:3      | Gained mutation: Your touch may inflict minor irresistible
                  | damage on your foes. [demonic ancestry]
  1843 | D:3      | Reached XP level 5. HP: 6/39 MP: 5/5
  1843 | D:3      | HP: 1/58 [orc/+0 trident (6)]
  2820 | D:4      | Reached ** piety under Trog
  2850 | D:4      | Noticed Sigmund
  2855 | D:4      | Killed Sigmund
  2856 | D:4      | Reached skill level 4 in Shapeshifting
  2856 | D:4      | Gained mutation: You are partially covered in molten
                  | scales. (AC +2) [demonic ancestry]
  2856 | D:4      | Reached XP level 6. HP: 47/47 MP: 6/6
  2869 | D:4      | Noticed Edmund
  2884 | D:4      | Slain by Edmund

Illustrated notes

Levels and vault maps discovered:
D:1:      lightli_arrival_maybe_door_vault, layout_basic, serial_shops,
          nicolae_shop_tiny_statue_garden, serial_bayou_pond_e
D:2:      layout_rooms, ebering_ecumenical_altar_abandoned, uniq_natasha
D:3:      layout_basic
D:4:      layout_cave_pools, lemuel_coloured_pillars_altar,
          kennysheep_cross_room, hangedman_abyss_or_decor_passed, moated_statue,
          uniq_edmund, uniq_robin, uniq_sigmund

Skill      XL: |  1  2  3  4  5 |
---------------+----------------+-----
Dodging        | 2 3 |  3.3
Unarmed Combat | 3 |  3.9
Shapeshifting  | 3 4 |  4.1
Fighting       | 2 3 |  3.0

Action                     |  1- 3 |  4- 6 || total
---------------------------+-------+-------++-------
  Melee: Unarmed           |    62 |    74 ||   136
         Punch             |     1 |       ||     1
         Touch             |       |     6 ||     6
 Invoke: Berserk           |       |     3 ||     3
         Trog's Hand       |       |     1 ||     1
   Stab: Sleeping          |     1 |     2 ||     3
 Armour: Animal skin       |    36 |    30 ||    66
         Leather armour    |       |    18 ||    18
  Dodge: Dodged            |    27 |    44 ||    71

Table legend: (Time is in decaauts)
 A = Elapsed time spent in this place.
 B = Non-inter-level travel time spent in this place.
 C = Inter-level travel time spent in this place.
 D = Time resting spent in this place.
 E = Time spent auto-exploring this place.
 F = Levels seen in this place.
 G = Mean time per level.
                   A        B        C        D        E       F      G
               +--------+--------+--------+--------+--------+-----+--------+
         Total |   2918 |   2857 |     61 |    271 |   2108 |   4 |  729.5 |
       Dungeon |   2918 |   2857 |     61 |    271 |   2108 |   4 |  729.5 |
               +--------+--------+--------+--------+--------+-----+--------+

Top non-repeatable levels by time:
     D:1: 1091 daAuts
     D:3: 931 daAuts
     D:2: 719 daAuts
     D:4: 175 daAuts
